 Dungeon Crawl Stone Soup version 0.27.1 (webtiles) character file.

Game seed: 8276529694694677488

18 Descartes the Sneak (level 2, -3/16 HPs)
             Began as a Deep Elf Wanderer on Sept 4, 2021.
             Slain by Sigmund (7 damage)
             ... on level 2 of the Dungeon.
             The game lasted 00:01:58 (1103 turns).

Descartes the Sneak (Deep Elf Wanderer)             Turns: 1103, Time: 00:01:58

Health: -3/16      AC:  3    Str:  8    XL:     2   Next: 48%
Magic:  6/6        EV: 11    Int: 17    God:
Gold:   40         SH:  0    Dex: 14    Spells: 4/4 levels left

rFire    . . .     SeeInvis .   a - +2 dagger
rCold    . . .     Faith    .   (no shield)
rNeg     . . .     Spirit   .   g - +0 leather armour
rPois    .         Reflect  .   (no helmet)
rElec    .         Harm     .   (no cloak)
rCorr    .         Rampage  .   (no gloves)
Will     .....                  (no boots)
Stlth    ++........             (no amulet)
HPRegen  0.05/turn              (no ring)
MPRegen  0.10/turn              (no ring)

@: no status effects
A: no striking features
a: no special abilities


You were on level 2 of the Dungeon.
You visited 1 branch of the dungeon, and saw 2 of its levels.

You collected 40 gold pieces.

Inventory:

Hand Weapons
 a - a +2 dagger (weapon)
 c - a +0 falchion
Missiles
 h - 37 arrows
 i - 49 stones (quivered)
 n - 9 sling bullets
Armour
 g - a +0 leather armour (worn)
 k - a +0 ring mail
Scrolls
 d - 3 scrolls of teleportation
 e - a scroll of fear {unknown}
 l - a scroll of amnesia {unknown}
Potions
 b - a potion of berserk rage
 f - a potion of haste {unknown}
 j - a potion of lignification {unknown}
 m - a potion of might {unknown}
 o - a potion of brilliance {unknown}


   Skills:
 - Level 1.5 Fighting
 + Level 1.1(1.3) Short Blades
 - Level 1.0(1.2) Long Blades
 + Level 2.0 Dodging
 + Level 3.1 Stealth
 - Level 1.5 Spellcasting
 - Level 2.1 Translocations
 - Level 1.1 Evocations


You had 4 spell levels left.
You didn't know any spells.
Your spell library was empty.

Dungeon Overview and Level Annotations

Branches:
Dungeon (2/15)

Altars:

Annotations:
D:2 Sigmund


Message History

Sigmund shouts!
Sigmund hits you from afar with a +0 scythe.
You hit Sigmund.
Sigmund is lightly wounded.
Sigmund closely misses you.
You hit Sigmund but do no damage.
Sigmund is lightly wounded.
You hit Sigmund.
Sigmund is lightly wounded.
Sigmund casts a spell.
Sigmund flickers and vanishes!
Deactivating autopickup; reactivate with Ctrl-A.
No target in view!
No target in view!
No target in view!
No target in view!
No target in view!
No target in view!
No target in view!
No target in view!
No target in view!
No target in view!
No target in view!
No target in view!
No target in view!
No target in view!
No target in view!
No target in view!
No target in view!
No target in view!
You hit something.
You hear some strange, mumbled words.
Something tries to affect you, but you resist.
You hit something but do no damage. Something hits you but does no damage.
You hit something but do no damage. Something hits you!
Ouch! That really hurt!
* * * LOW HITPOINT WARNING * * *
You closely miss something. Something hits you!
You die...

#######
#.....#
#.###.#
#.#...####
#.#.†....#
#.######.###
#...#......#
###.#.######
#@#.# #.#.#
#...{.#.#
#.#####.#
#.# #.# #.#
#######.#
#.......#


There were no monsters in sight!

Vanquished Creatures
  A worm (D:2)
  A dart slug (D:1)
  3 goblins (D:1)
  A hobgoblin (D:1)
  3 ball pythons (D:1)
  A bat (D:1)
  2 frilled lizards (D:1)
  2 kobolds (D:1)
14 creatures vanquished.

Notes
Turn   | Place    | Note
-------+----------+-------------------------------------------
     0 | D:1      | Descartes the Deep Elf Wanderer began the quest for the
                  | Orb.
     0 | D:1      | Descartes set off with the following items: a +2 dagger, a
                  | potion of berserk rage, a +0 falchion, a scroll of
                  | teleportation, a +0 robe
     0 | D:1      | Reached XP level 1. HP: 12/12 MP: 5/5
   458 | D:1      | Reached XP level 2. HP: 16/16 MP: 6/6
   525 | D:1      | Found a faded altar of an unknown god.
   582 | D:1      | Reached skill level 1 in Short Blades
   582 | D:1      | Reached skill level 3 in Stealth
  1092 | D:2      | Noticed Sigmund
  1103 | D:2      | Slain by Sigmund

Illustrated notes

Levels and vault maps discovered:
D:1:      tarquinn_simple_flora_water_f, layout_loops_ring,
          ebering_ecumenical_altar_rust, minmay_indecisive_spiral
D:2:      minmay_general_purpose_star, layout_basic, uniq_jessica, uniq_sigmund,
          uniq_natasha

Skill      XL: |  1  2 |
---------------+-------+-----
Short Blades   | 1 |  1.1
Stealth        | 3 |  3.1
Dodging        | 2 |  2.0
Fighting       | |  1.5
Long Blades    | |  1.0
Spellcasting   | |  1.5
Translocations | |  2.1
Evocations     | |  1.1

Action                   || total
-------------------------++-------
Melee: Dagger            ||    59
 Stab: Sleeping          ||     1
Armor: Leather armour    ||    12
       Robe              ||     2
Dodge: Dodged            ||    27
